 Dungeon Crawl Stone Soup version 0.29.0-13-gc9e81de378 (webtiles) character file.

Game seed: 17394939783161229141

71 NinjaNoafa the Chopper (level 4, 0/41 HPs)
             Began as a Hill Orc Monk on Sept 7, 2022.
             Killed from afar by Sigmund (4 damage)
             ... with a magic dart
             ... on level 2 of the Dungeon.
             The game lasted 00:08:21 (2177 turns).

NinjaNoafa the Chopper (Hill Orc Monk)              Turns: 2177, Time: 00:08:22

Health: 0/41       AC:  7    Str: 25    XL:     4   Next: 24%
Magic:  4/4        EV: 12    Int:  9    God:
Gold:   115        SH:  0    Dex: 19    Spells: 3/3 levels left

rFire   . . .      SeeInvis .   a - +0 hand axe
rCold   . . .      Faith    .   (no shield)
rNeg    . . .      Spirit   .   i - +0 ring mail
rPois   .          Reflect  .   (no helmet)
rElec   .          Harm     .   d - +1 cloak "Qirekhoe" {Will- Dex+7}
rCorr   .          Rampage  .   (no gloves)
Will    .....                   (no boots)
Stlth   ..........              (no amulet)
HPRegen 0.13/turn               b - +6 ring of strength
MPRegen 0.09/turn               (no ring)

@: confused
A: mutation resistance 1, strong 1
a: no special abilities


You were on level 2 of the Dungeon.
You visited 1 branch of the dungeon, and saw 2 of its levels.

You collected 115 gold pieces.

Inventory:

Hand Weapons
 a - a +0 hand axe (weapon)
Missiles
 e - 18 stones (quivered)
Armour
 d - the +1 cloak "Qirekhoe" (worn) {Will- Dex+7}
   (You found it on level 2 of the Dungeon)

   Dex:       It affects your dexterity (+7).
   Will:      It decreases your willpower.
 i - a +0 ring mail (worn)
Jewellery
 b - a +6 ring of strength (left hand)
Scrolls
 g - a scroll of identify
 h - a scroll of enchant armour
 l - a scroll of fear
Potions
 j - 2 potions of brilliance


   Skills:
 + Level 4.5 Fighting
 - Level 5.0 Axes
 + Level 2.2 Armour
 - Level 2.4 Dodging
 - Level 1.5 Stealth


You had 3 spell levels left.
You didn't know any spells.
Your spell library was empty.

Dungeon Overview and Level Annotations

Branches:
Dungeon (2/15)

Altars:
Trog

Shops:
D:1 *   D:2 [=

Annotations:
D:2 Sigmund


Innate Abilities, Weirdness & Mutations

You are somewhat resistant to further mutation.
Your muscles are strong. (Str +4, Int/Dex -1)


Message History

Sigmund barely misses you.
You hit Sigmund.
Sigmund is almost dead.
Sigmund gestures at you while chanting. You resist with significant effort.
You barely miss Sigmund.
Sigmund is almost dead.
Sigmund gestures at you while chanting.
You are confused.
Sigmund misses you. Sigmund hits you with a +0 scythe.
You miss Sigmund.
Sigmund is almost dead.
Sigmund gestures at you while chanting.
You are more confused.
Sigmund points at you and mumbles some strange words.
The puff of flame hits you!
You're too confused to move!
Sigmund closely misses you.
You're too confused to move!
Sigmund hits you but does no damage.
You closely miss Sigmund.
Sigmund is severely wounded.
Sigmund gestures at you while chanting.
You are more confused.
You nearly stumble into some lava!
Sigmund zaps a wand.
The puff of flame hits you! Sigmund attacks as you move away!
Sigmund hits you with a +0 scythe. Sigmund gestures at you while chanting.
The magic dart hits you.
* * * LOW HITPOINT WARNING * * *
You nearly stumble into some lava!
Sigmund gestures at you while chanting. The puff of flame hits you.
* * * LOW HITPOINT WARNING * * *
Okay, then.
Sigmund attacks as you move away! Sigmund hits you with a +0 scythe.
* * * LOW HITPOINT WARNING * * *
Sigmund points at you and mumbles some strange words.
The magic dart hits you.
You die...

...............# #.#
##.###.........# #.#
#.##..........# #.#
#.##..._......# #.#
#.............#####.####
#.###.........##...≈...#########
#.###.#.......#...≈.≈...........
#.............#..≈...≈..........
######.######...@§@....≈#.#######
.......# ####..≈...≈...# ########
##..≈.≈...## #...≈....#
#####....# ######


You could see Sigmund.

Vanquished Creatures
  3 adders (D:2)
  A worm (D:2)
  3 ball pythons (D:1)
  4 bats
  4 endoplasms
  A giant cockroach (D:2)
  2 goblins
  5 hobgoblins
  4 jackals (D:2)
  2 quokkas (D:1)
  A frilled lizard (D:1)
  5 kobolds
  4 rats (D:1)
39 creatures vanquished.

Notes
Turn   | Place    | Note
-------+----------+-------------------------------------------
     0 | D:1      | NinjaNoafa the Hill Orc Monk began the quest for the Orb.
     0 | D:1      | Reached XP level 1. HP: 19/19 MP: 1/1
   263 | D:1      | Reached XP level 2. HP: 27/27 MP: 2/2
   377 | D:1      | Reached skill level 1 in Armour
   566 | D:1      | Found a faded altar of an unknown god.
   841 | D:1      | Found Nenymyokk's Assorted Antiques.
   895 | D:1      | Reached XP level 3. HP: 29/33 MP: 3/3
  1165 | D:2      | Identified the +1 cloak "Qirekhoe" {Will- Dex+7}
  1291 | D:2      | Found a bloodstained altar of Trog.
  1325 | D:2      | Reached skill level 5 in Axes
  1325 | D:2      | Reached XP level 4. HP: 41/41 MP: 4/4
  1515 | D:2      | Found Kauhoat's Weapon Shoppe.
  1545 | D:2      | Found Jesaasir's Jewellery Emporium.
  1635 | D:2      | Found Gydealy's Antique Armour Shop.
  1885 | D:2      | Noticed Sigmund
  1889 | D:2      | Gained mutation: You are somewhat resistant to further
                  | mutation. [potion of mutation]
  1889 | D:2      | Gained mutation: Your muscles are strong. (Str +4, Int/Dex
                  | -1) [potion of mutation]
  1912 | D:2      | HP: 1/41 [something/puff of flame (10)]
  2177 | D:2      | Killed from afar by Sigmund

Illustrated notes

Levels and vault maps discovered:
D:1:      minmay_arrival_jagged, layout_basic, ebering_ecumenical_altar_rust,
          serial_shops, shop, st_stairs_7, grunt_decor_mini_mirrors,
          grunt_decor_one_mirror, minmay_misc_feat_rows
D:2:      layout_loops_ring, basic_altar, serial_shops, shop,
          nicolae_diamond_shop, shop_statue, uniq_sigmund

Skill      XL: |  1  2  3 |
---------------+----------+-----
Armour         | 1 2 |  2.2
Fighting       | 4 |  4.5
Axes           | 5 |  5.0
Dodging        | |  2.4
Stealth        | |  1.5

Action                   |  1- 3 |  4- 6 || total
-------------------------+-------+-------++-------
Melee: Hand axe          |   108 |    40 ||   148
       Punch             |     1 |       ||     1
Throw: Dart              |       |     2 ||     2
  Use: Potion            |     2 |     6 ||     8
       Scroll            |       |     7 ||     7
 Stab: Sleeping          |     5 |       ||     5
Armor: Robe              |     4 |       ||     4
       Ring mail         |    33 |    10 ||    43
Dodge: Dodged            |    64 |    19 ||    83
